 Dungeon Crawl Stone Soup version 0.24-a0-358-g53aee78b01 (webtiles) character file.

Game seed: 8128157325767474366

40355 Avack the Summoner (level 13, -4/98 HPs)
             Began as a Mummy Wizard on May 25, 2019.
             Was an Initiate of Gozag.
             Splashed by an oklob plant's acid (15 damage)
             ... on level 6 of the Lair of Beasts.
             The game lasted 01:39:40 (24275 turns).

Avack the Summoner (Mummy Wizard)                  Turns: 24275, Time: 01:39:41

Health: -4/98      AC:  9    Str: 18    XL:     13   Next: 74%
Magic:  2/29       EV: 15    Int: 22    God:    Gozag
Gold:   4705       SH:  0    Dex: 11    Spells: 0/22 levels left

rFire    x . .     SeeInvis +   a - +7 great sword of Gallantry {vamp, Str+8 SInv Stlth-}
rCold    + . .     Gourm    .   (shield currently unavailable)
rNeg     + + +     Faith    .   L - +2 robe of the Voivode {rPois}
rPois    ∞         Spirit   .   v - +1 hat
rElec    .         Reflect  .   e - +2 cloak
rCorr    .         Harm     .   i - +2 pair of gloves
MR       +....                  P - +1 pair of boots
Stlth    +.........             l - amulet of regeneration
HPRegen  0.66/turn              s - ring of wizardry
MPRegen  0.21/turn              C - ring of magical power

@: about to teleport, corroded, very slightly contaminated
A: no food or potions, fire vulnerability, cold resistance 1, negative energy
resistance 3, torment resistance, unbreathing, in touch with death 1
a: Potion Petition, Call Merchant, Bribe Branch, Renounce Religion


You were on level 6 of the Lair of Beasts.
You worshipped Gozag.
Gozag was most pleased with you.
You were not hungry.

You visited 3 branches of the dungeon, and saw 18 of its levels.

You collected 5029 gold pieces.
You paid 324 gold pieces to Gozag.

Inventory:

Hand Weapons
 a - the +7 great sword of Gallantry (weapon) {vamp, Str+8 SInv Stlth-}
   (You found it on level 9 of the Dungeon)

   It inflicts no extra harm, but heals its wielder when it wounds a living foe.
   It affects your strength (+8).
   It lets you see invisible.
   It makes you less stealthy.
 w - a +1 hand axe of flaming
 z - the +1 whip "Qourich" {protect, rElec MR+}
   (You found it on level 9 of the Dungeon)

   It grants its wielder temporary protection when it strikes (+7 to AC).
   It insulates you from electricity.
   It affects your resistance to hostile enchantments.
 E - the +1 arbalest of Laceration {elec, rF++ rC++}
   (You found it on level 9 of the Dungeon)

   It charges the ammunition it shoots with electricity; occasionally upon a
   hit, such missiles may discharge and cause terrible harm.
   It greatly protects you from fire.
   It greatly protects you from cold.
Missiles
 c - 737 stones
 o - 44 poisoned darts (quivered)
 y - 5 javelins
 K - 5 curare-tipped darts
 M - 2 boomerangs
Armour
 e - a +2 cloak (worn)
 i - a +2 pair of gloves (worn)
 v - a +1 hat (worn)
 F - the +4 buckler of Lethargy {rElec Dex+2}
   (You acquired it on level 1 of the Lair of Beasts)

   It affects your dexterity (+2).
   It insulates you from electricity.
 L - the +2 robe of the Voivode (worn) {rPois}
   (You found it on level 2 of the Lair of Beasts)

   It protects you from poison.
 P - a +1 pair of boots (worn)
Magical Staves
 b - an uncursed staff of summoning
 g - an uncursed staff of cold
 m - an uncursed staff of wizardry
 A - an uncursed staff of fire
 D - an uncursed staff of conjuration
Jewellery
 j - an uncursed ring of protection from cold
 l - an amulet of regeneration (around neck)
 n - an uncursed ring of see invisible
 r - a +4 ring of intelligence
 s - a ring of wizardry (left hand)
 C - a ring of magical power (right hand)
 O - an uncursed ring of protection from cold
Wands
 f - a wand of enslavement (9)
 p - a wand of scattershot (4)
 q - a wand of acid (10)
 t - a wand of random effects (19)
 G - a wand of iceblast (8)
 I - a wand of disintegration (13)
 J - a wand of polymorph (9)
Scrolls
 d - 9 scrolls of remove curse
 h - 4 scrolls of fog
 k - 6 scrolls of amnesia
 u - a scroll of magic mapping
 x - 4 scrolls of immolation
 H - 2 scrolls of teleportation
 N - a scroll of torment
 Q - a scroll of identify
Miscellaneous
 B - a fan of gales


   Skills:
 - Level 8.2 Fighting
 + Level 8.5 Long Blades
 - Level 7.3 Dodging
 - Level 4.1 Stealth
 - Level 5.0 Spellcasting
 - Level 7.4 Conjurations
 + Level 12.9 Summonings
 - Level 0.7 Translocations


You couldn't memorise any spells.
You knew the following spells:

 Your Spells              Type           Power        Failure   Level  Hunger
a - Magic Dart            Conj           ####         1%          1    N/A
b - Call Imp              Summ           ######..     1%          2    N/A
c - Conjure Flame         Conj/Fire      ###.....     2%          3    N/A
d - Mephitic Cloud        Conj/Pois/Air  ###.....     4%          3    N/A
e - Blink                 Tloc           N/A          4%          2    N/A
f - Summon Ice Beast      Ice/Summ       ####....     2%          4    N/A
g - Summon Hydra          Summ           ######....   16%         7    N/A

Your spell library contained the following spells:

 Spells                   Type           Power        Failure   Level  Hunger
 Summon Butterflies       Summ           ######..     1%          1    N/A
 Summon Small Mammal      Summ           ####         1%          1    N/A
 Call Canine Familiar     Summ           ######..     1%          3    N/A
 Dazzling Spray           Conj/Hex       ###...       2%          3    N/A
 Summon Lightning Spire   Summ/Air       ####....     2%          4    N/A
 Apportation              Tloc           #.....       3%          1    N/A
 Animate Skeleton         Necr           N/A          4%          1    N/A
 Confusing Touch          Hex            #.....       4%          1    N/A
 Corona                   Hex            #......      4%          1    N/A
 Ensorcelled Hibernation  Hex/Ice        #.....       6%          2    N/A
 Slow                     Hex            #.......     6%          2    N/A
 Summon Mana Viper        Hex/Summ       ####....     9%          5    N/A
 Confuse                  Hex            #.......     12%         3    N/A
 Tukima's Dance           Hex            #.......     12%         3    N/A
 Silence                  Hex/Air        #.........   69%         5    N/A
 Conjure Ball Lightning   Conj/Air       ###.......   75%         6    N/A
 Deflect Missiles         Chrm/Air       #.........   99%         6    N/A
 Tornado                  Air            #.........   100%        9    N/A

Dungeon Overview and Level Annotations

Branches:
Dungeon (11/15)            Temple (1/1) D:4            Lair (6/6) D:10
 Shoals (0/4) Lair:3       Spider (0/4) Lair:4        Slime (0/5) Lair:5
    Orc: D:9-12

Altars:
Ashenzari
Cheibriados
Dithmenos
Elyvilon
Fedhas
Gozag
Hepliaklqana
Kikubaaqudgha
Makhleb
Nemelex Xobeh
Okawaru
Qazlal
Ru
Sif Muna
Trog
Uskayaw
Vehumet
Wu Jian
Xom
Yredelemnul
Zin
The Shining One
Jiyva

Shops:
D:11 (

Annotations:
D:9 Grum, Joseph
D:11 Erolcha, Maurice
Lair:6 exclusion: 3 oklob plants


Innate Abilities, Weirdness & Mutations

You do not eat or drink.
Your flesh is vulnerable to fire.
You are immune to poison.
Your flesh is cold resistant. (rC+)
You are immune to negative energy. (rN+++)
You are immune to unholy pain and torment.
You can survive without breathing.
You are in touch with the powers of death.


Message History

Unknown command.
Casting: Blink (safe; 4% risk of failure)
Confirm with . or Enter, or press ? or * to list all spells.
You miscast Summon Hydra.
The world appears momentarily distorted.
As you read the scroll of teleportation, it crumbles to dust.
You feel strangely unstable. The wyvern bites you.
* * * LOW HITPOINT WARNING * * *
The wyvern bites you!
* * * LOW HITPOINT WARNING * * *
Unknown command.
Casting: Summon Hydra (quite dangerous; 16% risk of failure)
Confirm with . or Enter, or press ? or * to list all spells.
You blink.
The oklob plant spits acid at you. The splash of acid hits you.
* * * LOW HITPOINT WARNING * * *
You are splashed with acid!
You die...
Your body crumbles into a pile of gold.

#.### ###.P..###
#######PP...##.###
#.###....#...!)
#..##....##....
##...##....#....
#.....##...##...
###$Y....##...#...
#####..§#.....##..##..
##.#.#@..###....##..#..
...#.#...sS...###.[!##.#..
........S<......###....#..
#####....l........###.....
|"....#.#....... ##....
$PP.....##§....... #....
(..$...####..P.... ##...
...P... .....## ####
......( ...### #


You could see a wolf spider, 2 oklob plants, 2 black mambas, a wyvern and a
friendly ice beast.

Vanquished Creatures
  A hydra (D:8)
  An alligator (Lair:6)
  6 death yaks
  An unseen horror (D:9)
  An orb spider (Lair:4)
  6 elephants
  A torpor snail (Lair:5)
  11 spiny frogs
  4 komodo dragons
  A yaktaur (D:9)
  A jumping spider (shapeshifter) (D:10)
  2 trolls (D:9)
  A hornet (Lair:6)
  3 blink frogs
  Prince Ribbit (D:9)
  A raiju (Lair:6)
  5 polar bears
  A dream sheep (D:8)
  3 hippogriffs (Lair:1)
  11 wyverns
  23 yaks
  A hungry ghost (D:8)
  A basilisk (Lair:6)
  A warg (Lair:6)
  Edmund (D:5)
  An acid dragon (D:9)
  6 water moccasins
  7 hell hounds (Lair:6)
  8 porcupines
  8 black bears
  2 sky beasts
  4 orc warriors
  A phantom (D:6)
  2 necrophages
  A centaur (D:6)
  7 ogres
  8 wolves
  4 crocodiles
  3 big kobolds (D:8)
  13 bullfrogs
  A wyvern zombie (D:6)
  3 scorpions
  A water moccasin skeleton (D:5)
  10 killer bees
  4 wights (D:9)
  4 howler monkeys
  4 crimson imps
  3 hounds
  A jelly (D:10)
  2 centaur skeletons
  9 orc priests
  2 bullfrog skeletons
  An iguana (D:5)
  6 orc wizards
  10 worker ants
  A killer bee zombie (D:9)
  2 hound skeletons
  A howler monkey zombie (D:9)
  5 gnolls
  12 adders
  A river rat (D:10)
  3 shadow imps
  2 oozes
  An adder zombie (D:7)
  4 leopard geckos
  26 orcs
  2 bats (D:1)
  A giant cockroach (D:2)
  5 goblins
  4 hobgoblins
  13 jackals
  6 quokkas
  A ball python skeleton (D:5)
  A frilled lizard (D:3)
  10 kobolds
  A leopard gecko skeleton (D:5)
  A quokka zombie (D:7)
  9 rats
337 creatures vanquished.

Vanquished Creatures (collateral kills)
  3 hydras
  A centaur warrior (D:9)
  A death yak (Lair:5)
  Nergalle (D:10)
  5 elephants
  A guardian serpent (Lair:6)
  6 black mambas
  2 spiny frogs
  4 komodo dragons
  2 trolls (D:9)
  5 polar bears (Lair:6)
  7 blink frogs (Lair:5)
  2 hornets
  6 hippogriffs
  A dream sheep (D:8)
  A raiju (Lair:6)
  A redback (Lair:6)
  14 yaks
  A wyvern (D:9)
  A basilisk (Lair:6)
  3 wargs (Lair:6)
  8 hell hounds (Lair:6)
  4 porcupines
  5 water moccasins
  An ice beast (D:5)
  4 black bears (Lair:6)
  11 wolves
  A centaur (D:5)
  5 crocodiles
  A big kobold (D:10)
  A bullfrog (D:9)
  A gnoll sergeant (D:8)
  A scorpion (D:8)
  A killer bee (D:8)
  3 electric eels
  2 crimson imps
  An orc priest (D:8)
  4 hounds
  2 orc wizards (D:9)
  A worker ant (D:9)
  A hound zombie (D:8)
  A hound skeleton (D:6)
  2 gnolls
  3 adders
  A worm (D:3)
  8 orcs
  A jackal (D:2)
  2 quokkas
  A butterfly (Lair:4)
  2 plants (Lair:6)
147 creatures vanquished.

Vanquished Creatures (others)
  A polar bear (Lair:5)
  An orc warrior (D:10)
  An orc wizard (D:10)
  A kobold (D:10)
  A bush (D:5)
  30 fungi
  42 plants
77 creatures vanquished.

Grand Total: 561 creatures vanquished

Notes
Turn   | Place    | Note
-------+----------+-------------------------------------------
     0 | D:1      | Avack the Mummy Wizard began the quest for the Orb.
     0 | D:1      | Reached XP level 1. HP: 13/13 MP: 5/5
    82 | D:1      | Reached skill level 1 in Conjurations
   731 | D:1      | Reached XP level 2. HP: 19/19 MP: 5/7
   746 | D:1      | Learned a level 2 spell: Call Imp
  1375 | D:1      | Reached skill level 1 in Summonings
  1983 | D:2      | Reached XP level 3. HP: 16/24 MP: 0/8
  2054 | D:2      | Learned a level 3 spell: Conjure Flame
  2058 | D:2      | Learned a level 3 spell: Mephitic Cloud
  3151 | D:3      | Reached XP level 4. HP: 30/30 MP: 6/10
  3496 | D:3      | Reached XP level 5. HP: 35/35 MP: 2/11
  4591 | D:4      | Found a staircase to the Ecumenical Temple.
  4605 | Temple   | Entered the Ecumenical Temple
  4683 | Temple   | Became a worshipper of Gozag Ym Sagoz the Greedy
  4793 | D:5      | Entered Level 5 of the Dungeon
  4805 | D:5      | Noticed an ice beast
  4888 | D:5      | Killed an ice beast
  4888 | D:5      | Reached skill level 5 in Conjurations
  4888 | D:5      | Reached XP level 6. HP: 32/41 MP: 0/12
  5217 | D:5      | Learned a level 2 spell: Blink
  5358 | D:5      | Noticed Edmund
  5367 | D:5      | Killed Edmund
  5367 | D:5      | Reached XP level 7. HP: 34/46 MP: 1/13
  7222 | D:6      | Reached skill level 1 in Fighting
  7222 | D:6      | Reached XP level 8. HP: 54/54 MP: 3/14
  7567 | D:6      | Found a snail-covered altar of Cheibriados.
  7568 | D:6      | Found a burning altar of Makhleb.
  7568 | D:6      | Found a stormy altar of Qazlal.
  8717 | D:7      | Reached skill level 5 in Fighting
  8717 | D:7      | Reached XP level 9. HP: 68/68 MP: 6/15
  9312 | D:7      | Reached skill level 5 in Dodging
  9914 | D:7      | Found an ornate altar of the Wu Jian Council.
  9916 | D:7      | Found a glowing golden altar of the Shining One.
  9916 | D:7      | Found a hazy altar of Hepliaklqana.
  9916 | D:7      | Found an iron altar of Okawaru.
  9917 | D:7      | Found a shimmering altar of Xom.
  9917 | D:7      | Found a bloodstained altar of Trog.
 10133 | D:8      | You fall into a shaft and drop 2 floors!
 10133 | D:10     | Entered Level 10 of the Dungeon
 10138 | D:10     | Noticed a death yak
 10139 | D:10     | Noticed Joseph
 10170 | D:10     | Noticed Grum
 10175 | D:10     | Noticed Nergalle
 10190 | D:9      | Noticed a troll
 10246 | D:9      | Noticed a troll
 10661 | D:8      | Noticed a three-headed hydra
 10762 | D:8      | Found a hazy altar of Hepliaklqana.
 10938 | D:7      | Reached XP level 10. HP: 73/80 MP: 1/16
 11872 | D:8      | Learned a level 4 spell: Summon Ice Beast
 11991 | D:8      | Reached skill level 2 in Summonings
 12107 | D:8      | Killed a three-headed hydra
 12107 | D:8      | Reached skill level 3 in Summonings
 12256 | D:9      | Reached skill level 4 in Summonings
 12377 | D:9      | Noticed Prince Ribbit
 12392 | D:9      | Killed Prince Ribbit
 12564 | D:9      | Reached skill level 5 in Summonings
 12670 | D:9      | Noticed a centaur warrior
 12684 | D:9      | Killed a centaur warrior
 12801 | D:9      | Reached skill level 6 in Summonings
 13119 | D:9      | Noticed a catoblepas
 13132 | D:9      | Noticed an unseen horror
 13290 | D:9      | Got a bloodstained whip
 13291 | D:9      | Identified the cursed +1 whip "Qourich" {protect, rElec
                  | MR+} (You found it on level 9 of the Dungeon)
 13643 | D:9      | Reached skill level 7 in Summonings
 13663 | D:9      | Reached XP level 11. HP: 80/86 MP: 4/17
 14180 | D:9      | Noticed an eight-headed hydra
 14374 | D:10     | Found a staircase to the Lair.
 14374 | D:10     | Noticed a death yak
 14385 | D:10     | Noticed a death yak
 14400 | D:10     | Killed a death yak
 14794 | D:9      | Killed an unseen horror
 14794 | D:9      | Reached skill level 8 in Summonings
 14898 | D:9      | Got a crude arbalest
 14902 | D:9      | Got a dazzling great sword
 14958 | D:9      | Identified the +7 great sword of Gallantry {vamp, Str+8
                  | SInv Stlth-} (You found it on level 9 of the Dungeon)
 15073 | D:10     | Killed a death yak
 15104 | D:10     | Killed Nergalle
 15166 | D:10     | Killed a death yak
 15166 | D:10     | Reached skill level 9 in Summonings
 15341 | D:10     | Identified the cursed +1 arbalest of Laceration {elec, rF++
                  | rC++} (You found it on level 9 of the Dungeon)
 15652 | D:11     | Found Foury's Weapon Boutique.
 15677 | D:11     | Noticed Erolcha
 15698 | D:11     | Noticed Maurice
 15720 | Lair:1   | Entered Level 1 of the Lair of Beasts
 15807 | Lair:1   | Identified a scroll of acquirement
 15809 | Lair:1   | Got a shimmering buckler
 15811 | Lair:1   | Identified the +4 buckler of Lethargy {rElec Dex+2} (You
                  | acquired it on level 1 of the Lair of Beasts)
 16663 | Lair:2   | Got a heavily jewelled robe
 16664 | Lair:2   | Identified the +2 robe of the Voivode {rPois} (You found it
                  | on level 2 of the Lair of Beasts)
 16771 | Lair:2   | Reached skill level 10 in Summonings
 17061 | Lair:2   | Found a dark tunnel.
 17897 | Lair:3   | Reached skill level 1 in Long Blades
 17977 | Lair:3   | Reached XP level 12. HP: 78/93 MP: 18/18
 18066 | Lair:3   | Found a staircase to the Shoals.
 18969 | Lair:4   | Noticed a five-headed hydra
 18993 | Lair:4   | Found a hole to the Spider Nest.
 19208 | Lair:4   | Killed a five-headed hydra
 19811 | Lair:5   | Noticed a death yak
 19811 | Lair:5   | Noticed a death yak
 19903 | Lair:5   | Reached skill level 11 in Summonings
 20176 | Lair:5   | Killed a death yak
 20217 | Lair:5   | Killed a death yak
 20217 | Lair:5   | Reached skill level 5 in Long Blades
 20885 | Lair:5   | Found a viscous altar of Jiyva.
 20885 | Lair:5   | Found a staircase to the Slime Pits.
 20941 | Lair:5   | Got a steaming robe
 20952 | Lair:5   | Identified the cursed +0 robe "Venupy" {MR+} (You found it
                  | on level 5 of the Lair of Beasts)
 21115 | Lair:6   | Entered Level 6 of the Lair of Beasts
 21134 | Lair:6   | Noticed a death yak
 21136 | Lair:6   | Noticed a death yak
 21427 | Lair:6   | Noticed a death yak
 21432 | Lair:6   | Noticed a death yak
 21470 | Lair:5   | Killed a death yak
 21470 | Lair:5   | Gained mutation: You are in touch with the powers of death.
                  | [Mummy growth]
 21470 | Lair:5   | Reached XP level 13. HP: 41/98 MP: 1/19
 22083 | Lair:6   | Reached skill level 12 in Summonings
 22092 | Lair:6   | Reached skill level 5 in Spellcasting
 22112 | Lair:6   | Learned a level 7 spell: Summon Hydra
 24275 | Lair:6   | Splashed by an oklob plant's acid

Levels and vault maps discovered:
D:1:      dpeg_arrival_three_smaller_balls, layout_basic
D:2:      layout_rooms
D:3:      layout_loops_ring
D:4:      layout_basic, minmay_temple_entry_nine_rooms, first_ration
D:5:      layout_basic, kb_lookout_dungeons_type, uniq_edmund
D:6:      layout_gridville, chequers_temple_overflow_statue_of_worship
D:7:      layout_loops_ring, grunt_temple_overflow_open,
          minmay_misc_feat_diagonals
D:8:      layout_cave_pools, serial_column_ruins, column_ruins_temple_hall,
          column_ruins_hut, column_ruins_corridor_straight,
          column_ruins_open_small, column_ruins_grid_4, column_ruins_grid_3,
          column_ruins_corridor_straight, hangedman_ranch
          [blue_anna_fruit_fields]
D:9:      minmay_the_grid_triangle_9x9_rhombus_thin
          [minmay_the_grid_triangle_9x9_sprig,
          minmay_the_grid_triangle_9x9_prize_schism,
          minmay_the_grid_triangle_9x9_impossible_snake,
          minmay_the_grid_triangle_9x9_checkered], layout_stronghold,
          uniq_prince_ribbit1
D:10:     layout_rooms, dpeg_lair_monsters, uniq_joseph, uniq_nergalle,
          uniq_grum
D:11:     layout_roguey, erik_orc_4, serial_shops, shop_statue,
          lemuel_oklob_altar, uniq_erolcha, uniq_maurice
Temple:   dshaligram_water_room_temple
Lair:1:   layout_cave_pods
Lair:2:   layout_cave_shapes, nicolae_volcano_entry_hallway, bh_chokoban,
          serial_bayou_shore_a
Lair:3:   layout_roguey, shoals_dummy_entry, grunt_megastairs_2
Lair:4:   layout_loops_ring, nicolae_spider_entry_orb_guardian,
          lemuel_fruit_fields, infiniplex_staircase_pool
Lair:5:   layout_regular_city, dpeg_slime_entry_enclosed_altar
Lair:6:   hangedman_lair_tendril_chambers, layout_layer_cave,
          hangedman_lair_caniforms_friends, minmay_lair_oklob_chamber,
          lemuel_fruit_tree

Skill      XL: |  1  2  3  4  5  6  7  8  9 10 11 12 13 |
---------------+----------------------------------------+-----
Conjurations   | 1 2 3 5 6 7 |  7.4
Summonings     | 1 7 10 11 12 | 12.9
Fighting       | 1 5 7 8 |  8.2
Dodging        | 2 4 6 7 |  7.3
Stealth        | 4 |  4.1
Long Blades    | 1 6 8 |  8.5
Spellcasting   | 5 |  5.0
Translocations | |  0.7

Action                   |  1- 3 |  4- 6 |  7- 9 | 10-12 | 13-15 || total
-------------------------+-------+-------+-------+-------+-------++-------
Melee: Flail             |    26 |    46 |       |       |       ||    72
       Hand axe          |     1 |       |       |     2 |       ||     3
       Dire flail        |       |       |   286 |   171 |       ||   457
       Staff             |       |       |       |    15 |    10 ||    25
       Great sword       |       |       |       |   260 |   202 ||   462
       Arbalest          |       |       |       |       |     4 ||     4
Throw: Dart              |    13 |    21 |    54 |    17 |       ||   105
       Stone             |       |     6 |       |       |       ||     6
       Javelin           |       |       |       |     4 |       ||     4
       Throwing net      |       |       |       |     1 |       ||     1
 Cast: Magic Dart        |    58 |    22 |   107 |    66 |       ||   253
       Call Imp          |    18 |    10 |    27 |    12 |       ||    67
       Mephitic Cloud    |     3 |     6 |    65 |    44 |     4 ||   122
       Conjure Flame     |       |    10 |    24 |    45 |     1 ||    80
       Blink             |       |       |     3 |    34 |    12 ||    49
       Summon Ice Beast  |       |       |       |   118 |    81 ||   199
       Summon Hydra      |       |       |       |       |    10 ||    10
Invok: Potion Petition   |       |       |       |     2 |       ||     2
Evoke: Wand              |       |       |       |     6 |       ||     6
  Use: Scroll            |       |     6 |    13 |    17 |     3 ||    39
 Stab: Confused          |       |       |    10 |    10 |       ||    20
       Distracted        |       |       |       |     2 |     6 ||     8
       Invisible         |       |       |       |     1 |       ||     1
       Sleeping          |       |       |       |     1 |       ||     1
Armor: Robe              |    12 |    23 |   123 |   159 |   106 ||   423
Dodge: Dodged            |    27 |    42 |   254 |   501 |   243 ||  1067
       Rpst.: Great sword |       |       |       |    69 |    47 ||   116

Table legend:
 A = Non-vault XP
 B = Vault XP
 C = Vault XP percentage of total XP
 D = Non-vault monster count
 E = Vault monster count
 F = Vault count percentage of total count
                 A         B        C        D         E       F
            +---------+---------+-------+---------+---------+-------
      Total |   35813 |   21838 |  37.9 |     355 |     127 |  26.3
            +---------+---------+-------+---------+---------+-------
        D:1 |      24 |       0 |   0.0 |      12 |       0 |   0.0
        D:2 |      36 |       0 |   0.0 |      12 |       0 |   0.0
        D:3 |     147 |       0 |   0.0 |      22 |       0 |   0.0
        D:4 |     146 |       0 |   0.0 |       7 |       0 |   0.0
        D:5 |     476 |     212 |  30.8 |      20 |       2 |   9.1
        D:6 |     935 |       0 |   0.0 |      25 |       0 |   0.0
        D:7 |    1824 |     360 |  16.5 |      46 |       2 |   4.2
        D:8 |    1936 |    1477 |  43.3 |      32 |       6 |  15.8
        D:9 |    2368 |    2389 |  50.2 |      36 |      15 |  29.4
       D:10 |     630 |    3219 |  83.6 |      11 |      10 |  47.6
       D:11 |     101 |       9 |   8.2 |       2 |       4 |  66.7
     Lair:1 |    2880 |       0 |   0.0 |      18 |       0 |   0.0
     Lair:2 |    1801 |       0 |   0.0 |      11 |       0 |   0.0
     Lair:3 |    3309 |     206 |   5.9 |      21 |       1 |   4.5
     Lair:4 |    3087 |     547 |  15.1 |      16 |       1 |   5.9
     Lair:5 |    9213 |     290 |   3.1 |      37 |       2 |   5.1
     Lair:6 |    6900 |   13129 |  65.5 |      27 |      84 |  75.7
            +---------+---------+-------+---------+---------+-------
